[Event "Titled Tuesday Blitz January 03 Early 2023"]
[White "Legenia, Artem"]
[Black "De Arruda, Leandro Formes"]
[WhiteFideId "14136945"]
[BlackFideId "22722009"]
[WhiteElo "2092"]
[BlackElo "1980"]
[Result "1-0"]
[Round "03"]
[TimeControl "180+2"]
[Date "2023.01.03"]
[WhiteClock "0:00:36"]
[BlackClock "0:00:06"]

1. e4 e6 2. d4 d5 3. exd5 exd5 4. c4 Nf6 5. Nc3 dxc4 6. Bxc4 Be7 7. Nge2 O-O 8. O-O b6 9. a3 Bb7 10. Ng3 Nbd7 11. Nf5 Re8 12. Qb3 Rf8 13. Re1 Bd6 14. Nxd6 cxd6 15. Bf4 d5 16. Nxd5 Bxd5 17. Bxd5 Nxd5 18. Qxd5 Nf6 19. Qg5 h6 20. Qg3 Nh5 21. Qf3 Qxd4 22. Be5 Qh4 23. g3 Qg5 24. h4 Qg6 25. Bc3 Rae8 26. Kg2 Re6 27. Kh2 Nf6 28. Rxe6 fxe6 29. Qe2 Ng4+ 30. Kh3 Nxf2+ 31. Kh2 Ng4+ 32. Kg1 Qf5 33. Re1 Nf2 34. Qxe6+ Qxe6 35. Rxe6 Ng4 36. Re7 Rf7 37. Re8+ Kh7 38. Ra8 Nf2 39. Rd8 Ne4 40. Be5 Nf6 41. Kg2 Ng4 42. Bf4 Nf6 43. b4 Ne4 44. a4 Nc3 45. a5 bxa5 46. bxa5 Nb5 47. Rd5 Nc3 48. Rc5 Ne4 49. Rc6 Nf6 50. Ra6 Nh5 51. Be3 Nf6 52. Rxa7 Rxa7 53. Bxa7 Nd5 54. Bc5 Nc7 55. Kf3 Na6 56. Bb6 g5 57. hxg5 hxg5 58. Kg4 Kg6 59. Bd8 Nb4 60. Bxg5 Nc6 61. a6 Na7 62. Be3 Nc6 63. a7 Ne5+ 64. Kh3 1-0


[Site "https://www.chess.com"]

[Event "Titled Tuesday Blitz January 03 Early 2023"]
[White "Pein, Jonathan"]
[Black "monkins"]
[WhiteFideId "417092"]
[WhiteElo "2265"]
[BlackElo "2242"]
[Result "1-0"]
[Round "03"]
[TimeControl "180+2"]
[Date "2023.01.03"]
[WhiteClock "0:01:24"]
[BlackClock "0:00:04"]

1. f4 c5 2. g3 g6 3. Bg2 Bg7 4. Nf3 Nc6 5. O-O e6 6. e4 Nge7 7. c3 d5 8. e5 d4 9. Na3 h5 10. Nc4 Nf5 11. b4 cxb4 12. cxb4 d3 13. b5 Ncd4 14. Ba3 Ne2+ 15. Kh1 Bf8 16. Qb3 Bxa3 17. Qxa3 Qe7 18. Nd6+ Kf8 19. Qxd3 Nexg3+ 20. hxg3 Nxg3+ 21. Kg1 Nxf1 22. Rxf1 Kg7 23. Ng5 Rf8 24. Nge4 Rb8 25. Nf6 b6 26. Qg3 Bd7 27. Nxh5+ Kg8 28. Nf6+ Kg7 29. Nh5+ Kg8 30. Be4 Kh7 31. Nf6+ Kg7 32. Nh5+ Kh7 33. Rf2 Rh8 34. Rg2 Kg8 35. Bxg6 fxg6 36. Qxg6+ Kf8 37. Nf6 1-0


[Site "https://www.chess.com"]

[Event "Titled Tuesday Blitz January 03 Early 2023"]
[White "Avazkhonov, Alikhon"]
[Black "Tarnowska, Aleksandra"]
[WhiteFideId "14208504"]
[BlackFideId "1180967"]
[WhiteElo "1538"]
[BlackElo "1835"]
[Result "1-0"]
[Round "03"]
[TimeControl "180+2"]
[Date "2023.01.03"]
[WhiteClock "0:01:12"]
[BlackClock "0:00:02"]

1. d4 d5 2. c4 e6 3. Nc3 Nf6 4. cxd5 exd5 5. Bg5 Be7 6. e3 h6 7. Bh4 O-O 8. Bd3 Nbd7 9. Qc2 c6 10. Nf3 Nb6 11. O-O-O a5 12. Ne5 a4 13. Kb1 a3 14. b3 Bd7 15. Rhg1 Nc8 16. g4 Ne8 17. Bxe7 Qxe7 18. f4 Ncd6 19. g5 h5 20. f5 Nb5 21. Bxb5 cxb5 22. Nxd5 Qd6 23. Nxd7 Qxd7 24. Nb6 Qd8 25. Nxa8 Qxa8 26. f6 g6 27. e4 Nd6 28. e5 Nf5 29. Qd3 Qa5 30. d5 Rc8 31. Rc1 Re8 32. d6 Qd8 33. d7 Rxe5 34. Rc8 1-0


[Site "https://www.chess.com"]

[Event "Titled Tuesday Blitz January 03 Early 2023"]
[White "Dudzinski, Pawel"]
[Black "De Souza, Cristiano Gomes"]
[WhiteFideId "1117890"]
[BlackFideId "2151758"]
[WhiteElo "2186"]
[BlackElo "2018"]
[Result "1/2-1/2"]
[Round "03"]
[TimeControl "180+2"]
[Date "2023.01.03"]
[WhiteClock "0:01:35"]
[BlackClock "0:02:03"]

1. e4 c5 2. Nc3 d6 3. g3 a6 4. a4 Nc6 5. Bg2 g6 6. Nge2 Bg7 7. O-O Nf6 8. d4 cxd4 9. Nxd4 O-O 10. Nxc6 bxc6 11. e5 dxe5 12. Bxc6 Rb8 13. Qxd8 Rxd8 14. Bg2 Bf5 15. Re1 Bxc2 16. Rxe5 e6 17. Re2 Bd3 18. Rd2 Bc4 19. Rxd8+ Rxd8 20. Bg5 h6 21. Be3 Ng4 22. Bb7 Nxe3 23. fxe3 Rd2 24. Nd1 Bb3 25. Bf3 Bxd1 26. Rxd1 Rxd1+ 27. Bxd1 Bxb2 28. Be2 a5 29. Kf2 f5 30. g4 Kf7 31. gxf5 exf5 32. e4 Kf6 33. exf5 Kxf5 34. Bd3+ Kg5 35. Kf3 Be5 36. h3 Kf6 37. Be4 h5 38. Bd3 g5 39. Be4 Bc3 40. Bd3 Bb4 41. Be4 Ke5 42. Bg6 h4 43. Kg4 Bd2 44. Be8 Kd4 45. Bb5 Kc3 46. Be8 Kb3 47. Bb5 Bf4 48. Be8 Kb4 49. Bb5 Kc5 50. Be8 Kb4 51. Bb5 Kc5 52. Be8 Kb4 1/2-1/2


[Site "https://www.chess.com"]

[Event "Titled Tuesday Blitz January 03 Early 2023"]
[White "Lakshmi C"]
[Black "Rengifo Blancas, Renzo Jhonathan"]
[WhiteFideId "25035347"]
[BlackFideId "3807185"]
[WhiteElo "1928"]
[BlackElo "2131"]
[Result "0-1"]
[Round "03"]
[TimeControl "180+2"]
[Date "2023.01.03"]
[WhiteClock "0:00:01"]
[BlackClock "0:01:37"]

1. e4 e5 2. Nf3 Nc6 3. Bb5 Nd4 4. Nxd4 exd4 5. O-O Bc5 6. d3 Ne7 7. c3 c6 8. Ba4 O-O 9. Nd2 b5 10. Bc2 Bb6 11. Kh1 d6 12. f4 f5 13. Nf3 fxe4 14. dxe4 dxc3 15. Bb3+ Kh8 16. Ng5 Qe8 17. bxc3 h6 18. Nf3 Qg6 19. f5 Qf6 20. Bf4 Bc5 21. Qe1 Ng6 22. Bg3 Ne5 23. Nh4 Bd7 24. Bxe5 dxe5 25. Ng6+ Kh7 26. Nxf8+ Bxf8 27. Rd1 Be8 28. Qe3 c5 29. Bd5 Rb8 30. c4 b4 31. Qd3 a5 32. Qe3 a4 33. Be6 a3 34. Rb1 Ba4 35. Qd3 Rd8 36. Qe2 Qg5 37. Bd5 Be7 38. Rf3 Qh5 39. Rbf1 Bf6 40. Qf2 Rc8 41. Rh3 Qg5 42. Rg3 Qh4 0-1


[Site "https://www.chess.com"]

[Event "Titled Tuesday Blitz January 03 Early 2023"]
[White "Martin Duque, Jesus"]
[Black "Hartikainen, Jarmo"]
[WhiteFideId "2208954"]
[BlackFideId "503134"]
[WhiteElo "2386"]
[BlackElo "2108"]
[Result "1-0"]
[Round "03"]
[TimeControl "180+2"]
[Date "2023.01.03"]
[WhiteClock "0:01:48"]
[BlackClock "0:00:15"]

1. c4 Nf6 2. g3 g6 3. b3 Bg7 4. Bb2 O-O 5. Bg2 c5 6. Nc3 Nc6 7. Nf3 a6 8. O-O Rb8 9. d4 d5 10. Nxd5 cxd4 11. Nxd4 Nxd4 12. Qxd4 Nh5 13. Qd2 e6 14. Bxg7 Nxg7 15. Qf4 exd5 16. Qxb8 dxc4 17. bxc4 Qe7 18. Qf4 Ne6 19. Qe5 f6 20. Qe3 Re8 21. Bd5 Kg7 22. Rab1 Nc5 23. Qxe7+ Rxe7 24. e3 Bd7 25. Rb6 Bc6 26. Bxc6 Re6 27. Rxb7+ Nxb7 28. Bxb7 Rb6 29. Bd5 Rb2 30. c5 1-0


[Site "https://www.chess.com"]

[Event "Titled Tuesday Blitz January 03 Early 2023"]
[White "Kalajzic, Ivan"]
[Black "Bommini, Mounika Akshaya"]
[WhiteFideId "14506378"]
[BlackFideId "25019872"]
[WhiteElo "2062"]
[BlackElo "2118"]
[Result "0-1"]
[Round "03"]
[TimeControl "180+2"]
[Date "2023.01.03"]
[WhiteClock "0:00:02"]
[BlackClock "0:00:38"]

1. b3 e5 2. Bb2 Nc6 3. e3 Nf6 4. Bb5 Bd6 5. Na3 a6 6. Be2 Na5 7. c4 Qe7 8. Nc2 Nc6 9. Nf3 O-O 10. O-O e4 11. Nfd4 Nxd4 12. Nxd4 Qe5 13. g3 Qg5 14. f4 exf3 15. Nxf3 Qh6 16. Nh4 Ne4 17. Nf5 Qg5 18. Qe1 Bc5 19. Bxg7 d5 20. Bxf8 Bxf8 21. Nh4 Bh3 22. Rf4 Bc5 23. d4 Bd6 24. cxd5 Bxf4 25. exf4 Qxd5 26. Bf3 Qxd4+ 27. Kh1 Nf2+ 28. Kg1 Nd3+ 29. Kh1 Nxe1 30. Rxe1 Qf2 31. Rc1 Rd8 0-1


[Site "https://www.chess.com"]

[Event "Titled Tuesday Blitz January 03 Early 2023"]
[White "Broca Jimenez, Fernando"]
[Black "Arpita, Mukherjee"]
[WhiteFideId "5104742"]
[BlackFideId "5056403"]
[WhiteElo "2075"]
[BlackElo "2203"]
[Result "0-1"]
[Round "03"]
[TimeControl "180+2"]
[Date "2023.01.03"]
[WhiteClock "0:00:01"]
[BlackClock "0:01:36"]

1. e4 c5 2. c3 Nf6 3. e5 Nd5 4. d4 cxd4 5. Nf3 Nc6 6. Bc4 Nb6 7. Bb3 dxc3 8. Nxc3 e6 9. O-O Be7 10. Qe2 O-O 11. Rd1 Qc7 12. Nb5 Qb8 13. Bg5 f5 14. Bxe7 Nxe7 15. Nd6 Nbd5 16. Rac1 b6 17. Nd4 Bb7 18. Rd3 Nf4 19. Qe3 Nxd3 20. Qxd3 Bd5 21. Bc2 Ng6 22. Qh3 Nxe5 23. N6xf5 exf5 24. Nxf5 Ng6 25. Ne7+ Nxe7 26. Qxh7+ Kf7 27. Qh5+ g6 28. Qh7+ Ke8 29. Re1 Qd6 30. Bxg6+ Kd8 31. Qg7 Qf6 32. Qh7 Qxf2+ 0-1


[Site "https://www.chess.com"]

[Event "Titled Tuesday Blitz January 03 Early 2023"]
[White "Lauridsen, Jesper Morch"]
[Black "Manukian, Artak"]
[WhiteFideId "1401890"]
[BlackFideId "13301373"]
[WhiteElo "2309"]
[BlackElo "2196"]
[Result "1/2-1/2"]
[Round "03"]
[TimeControl "180+2"]
[Date "2023.01.03"]
[WhiteClock "0:00:14"]
[BlackClock "0:00:16"]

1. e4 c6 2. d4 d5 3. exd5 cxd5 4. c4 Nf6 5. Nc3 g6 6. Nf3 Bg7 7. Bd3 O-O 8. O-O dxc4 9. Bxc4 a6 10. Re1 b5 11. Be2 Bb7 12. Ne5 Nbd7 13. Bf3 Bxf3 14. Qxf3 e6 15. Bg5 Qb6 16. Ne4 Nxe4 17. Nxd7 Nxg5 18. Qxa8 Rxa8 19. Nxb6 Rd8 20. a4 Bxd4 21. a5 e5 22. Rad1 f5 23. b3 Kf7 24. Kf1 Ne4 25. f3 Nc3 26. Rd3 Bxb6 27. Rxc3 Bxa5 28. Rec1 Bxc3 29. Rxc3 Ke6 30. Rc7 Rd7 31. Rc6+ Rd6 32. Rc7 Kd5 33. Rxh7 Kc5 34. Re7 Kb4 35. Rxe5 Kxb3 36. g4 fxg4 37. fxg4 b4 38. h3 Kc2 39. Rc5+ Kd3 40. Rc1 b3 41. Rd1+ Kc2 42. Rxd6 b2 43. Rc6+ Kd2 44. Rb6 Kc2 45. h4 a5 46. h5 gxh5 47. gxh5 a4 48. h6 a3 49. h7 a2 50. h8=Q b1=Q+ 51. Rxb1 axb1=Q+ 52. Kf2 Qb6+ 53. Kg2 Qg6+ 54. Kf2 Qf5+ 55. Kg2 Qg4+ 56. Kf2 Qf4+ 57. Kg2 Qe4+ 58. Kf2 Qf5+ 59. Kg2 Qg4+ 60. Kf2 Qf4+ 61. Kg2 Qd2+ 62. Kg1 Qe1+ 63. Kg2 Qe4+ 64. Kg1 Qg4+ 65. Kh1 Qf3+ 66. Kh2 Qf2+ 67. Kh1 Qf1+ 68. Kh2 Qf2+ 69. Kh1 Qe1+ 70. Kh2 Qe2+ 71. Kh1 Qd1+ 72. Kh2 Qd6+ 73. Kh1 Qc6+ 74. Kh2 Qc7+ 75. Kh1 Qb7+ 76. Kh2 Qc7+ 77. Kh1 Qc6+ 78. Kh2 Qd6+ 79. Kh1 Qd5+ 80. Kh2 Qd2+ 81. Kh1 Qe1+ 82. Kh2 Qf2+ 1/2-1/2


[Site "https://www.chess.com"]

[Event "Titled Tuesday Blitz January 03 Early 2023"]
[White "Clawitter, Craig"]
[Black "Forgacs, Attila Jr."]
[WhiteFideId "2023105"]
[BlackFideId "773654"]
[WhiteElo "2050"]
[BlackElo "2264"]
[Result "1-0"]
[Round "03"]
[TimeControl "180+2"]
[Date "2023.01.03"]
[WhiteClock "0:00:06"]
[BlackClock "0:00:07"]

1. e4 e5 2. Nf3 Nc6 3. Bb5 a6 4. Ba4 Nf6 5. d3 d6 6. c4 g6 7. Nc3 Bg7 8. O-O O-O 9. Rb1 Bg4 10. Be3 Nd7 11. h3 Bxf3 12. Qxf3 f5 13. Bxc6 bxc6 14. exf5 gxf5 15. Qxc6 f4 16. Bd2 f3 17. Ne4 fxg2 18. Rfe1 Nf6 19. Bg5 Qc8 20. Bxf6 Qxh3 21. Ng3 Bxf6 22. Qxg2 Qxg2+ 23. Kxg2 Bg5 24. Ne4 Bf4 25. Rh1 h6 26. Rbg1 Kf7 27. Kf3 Ke7 28. Rg7+ Ke6 29. Ke2 Rf7 30. Rhg1 Raf8 31. R1g6+ Kd7 32. Nf6+ Kc6 33. Nd5 Bg5 34. Rxf7 Rxf7 35. b4 Kd7 36. a4 c6 37. Nc3 Bf4 38. Ne4 d5 39. Nc5+ Kc7 40. Nxa6+ Kb6 41. b5 dxc4 42. Rxc6+ Ka5 43. dxc4 Kxa4 44. Nc5+ Ka5 45. Nb3+ Kb4 46. Nd2 Bxd2 47. Kxd2 Rxf2+ 48. Ke3 Rf7 49. Ke4 Re7 50. b6 Ka5 51. c5 Ka6 52. Rxh6 Kb7 53. Rd6 Kb8 54. Rd5 Kb7 55. Rxe5 Rh7 56. Kd5 Rd7+ 57. Kc4 Rh7 58. Kb5 Rh6 59. c6+ Rxc6 60. Re7+ Kc8 61. Kxc6 Kd8 62. Rh7 Kc8 63. b7+ Kb8 64. Rh8+ Ka7 65. b8=Q+ Ka6 66. Qb6# 1-0


[Site "https://www.chess.com"]

[Event "Titled Tuesday Blitz January 03 Early 2023"]
[White "Kniazev, Igor"]
[Black "Novikova, Galina"]
[WhiteFideId "4136349"]
[BlackFideId "4157095"]
[WhiteElo "2057"]
[BlackElo "2073"]
[Result "0-1"]
[Round "03"]
[TimeControl "180+2"]
[Date "2023.01.03"]
[WhiteClock "0:01:18"]
[BlackClock "0:00:24"]

1. e4 e6 2. d4 d5 3. exd5 exd5 4. Nf3 Bg4 5. h3 Bh5 6. Nc3 Nf6 7. Bf4 c6 8. Qe2+ Be7 9. O-O-O O-O 10. g4 Bg6 11. Bg2 Bb4 12. Nb1 a5 13. c3 Bd6 14. Ne5 b5 15. Nxg6 hxg6 16. Bxd6 Qxd6 17. Qe5 Qd8 18. Rhe1 b4 19. g5 Nh5 20. c4 dxc4 21. d5 Nd7 22. Qd6 Qxg5+ 23. Nd2 Qxg2 24. Qxd7 Qxd5 25. Ne4 Qxd7 26. Rxd7 Rad8 27. Red1 Rxd7 28. Rxd7 Nf4 29. h4 Nd3+ 30. Kd2 Nxb2 31. Rc7 c3+ 32. Kc2 Re8 33. Ng5 f6 34. Nf7 Re2+ 35. Kb3 Nd3 36. Ng5 fxg5 37. Rxc6 Rb2+ 38. Ka4 c2 39. Kb5 c1=Q 40. Rxc1 Nxc1 41. hxg5 Rxa2 42. Kc4 b3 43. Kc3 Rc2+ 44. Kd4 b2 45. f4 b1=Q 46. Ke5 Qb5+ 47. Ke4 Re2+ 48. Kf3 Qd3+ 49. Kg4 Rg2+ 50. Kh4 Qg3# 0-1


[Site "https://www.chess.com"]

[Event "Titled Tuesday Blitz January 03 Early 2023"]
[White "Fernandez Hernandez, Gerardo"]
[Black "Miszler, Levente"]
[WhiteFideId "2207400"]
[BlackFideId "763276"]
[WhiteElo "2181"]
[BlackElo "2271"]
[Result "0-1"]
[Round "03"]
[TimeControl "180+2"]
[Date "2023.01.03"]
[WhiteClock "0:00:04"]
[BlackClock "0:00:20"]

1. e4 c5 2. d3 Nc6 3. g3 g6 4. Bg2 Bg7 5. f4 e6 6. Nf3 Nge7 7. O-O O-O 8. c3 d5 9. e5 d4 10. Qe2 f6 11. Nbd2 fxe5 12. fxe5 Nf5 13. Nc4 b5 14. Na3 Qb6 15. cxd4 cxd4 16. g4 Ne3 17. Bxe3 dxe3 18. d4 Bb7 19. Qxe3 Rad8 20. Rad1 Rd7 21. Nc2 Rfd8 22. Kh1 b4 23. b3 a5 24. Ng5 Nxd4 25. Nf3 Bxf3 26. Bxf3 Qc5 27. Nxd4 Rxd4 28. Rxd4 Rxd4 29. Bg2 Qxe5 30. Qf3 h6 31. Qf7+ Kh7 32. h3 Rd2 0-1


[Site "https://www.chess.com"]

[Event "Titled Tuesday Blitz January 03 Early 2023"]
[White "Degenbaev, Aziz"]
[Black "Thomas, Anysia"]
[WhiteFideId "13802640"]
[BlackFideId "670472"]
[WhiteElo "2203"]
[BlackElo "2147"]
[Result "1-0"]
[Round "03"]
[TimeControl "180+2"]
[Date "2023.01.03"]
[WhiteClock "0:01:07"]
[BlackClock "0:00:01"]

1. e4 c5 2. Nf3 g6 3. c3 d5 4. exd5 Qxd5 5. Na3 Bg7 6. Bc4 Qe4+ 7. Be2 Nh6 8. O-O O-O 9. Nb5 Na6 10. Re1 Bg4 11. h3 Bf5 12. Bf1 Qd5 13. Rxe7 Rfe8 14. Rxe8+ Rxe8 15. d4 Be4 16. Bxh6 Bxh6 17. dxc5 Bxf3 18. Qxf3 Qxf3 19. gxf3 Nxc5 20. Rd1 a6 21. Nc7 Re7 22. Nd5 Re6 23. Bc4 b5 24. b4 bxc4 25. bxc5 Bf8 26. Rd4 Bxc5 27. Rxc4 Bd6 28. Re4 Be5 29. Kf1 f5 30. Rc4 h6 31. Rc8+ Kf7 32. c4 Bd6 33. c5 Be5 34. c6 Rd6 35. Ne3 Ke6 36. Nc4 Rd1+ 37. Ke2 Rc1 38. Re8+ Kd5 39. Nxe5 Rc2+ 40. Kd3 Rxa2 41. c7 1-0


[Site "https://www.chess.com"]

[Event "Titled Tuesday Blitz January 03 Early 2023"]
[White "Larina, Maria"]
[Black "Szyszylo, Rafal"]
[WhiteFideId "24113182"]
[BlackFideId "1109626"]
[WhiteElo "1948"]
[BlackElo "2091"]
[Result "1/2-1/2"]
[Round "03"]
[TimeControl "180+2"]
[Date "2023.01.03"]
[WhiteClock "0:00:11"]
[BlackClock "0:00:04"]

1. e4 d6 2. d4 Nf6 3. Nc3 g6 4. g3 Bg7 5. Bg2 O-O 6. Nge2 e5 7. O-O Re8 8. h3 Nc6 9. Be3 Bd7 10. f4 exd4 11. Nxd4 Nxe4 12. Bxe4 d5 13. Nxc6 bxc6 14. Bxd5 cxd5 15. Bd4 Bxh3 16. Bxg7 Kxg7 17. Qd4+ Kg8 18. Nxd5 Re6 19. Rfe1 c6 20. Rxe6 cxd5 21. Re5 Be6 22. Rae1 Rc8 23. c3 Qd6 24. f5 gxf5 25. Qf4 Qb6+ 26. R5e3 Qxb2 27. Qg5+ Kf8 28. Qh6+ Ke7 29. Rxe6+ fxe6 30. Qg7+ Kd6 31. Qe5+ Kc5 32. Qe3+ Kc6 33. Qxe6+ Kb7 34. Qxd5+ Rc6 35. Re7+ Kb6 36. Qd8+ Ka6 37. Qd3+ Qb5 38. Rxa7+ Kb6 39. Qxb5+ Kxb5 40. Rxh7 Rxc3 41. Rf7 Rxg3+ 42. Kf2 Ra3 43. Rxf5+ Kc4 44. Rf4+ Kb5 45. Rf5+ Kb4 46. Rf4+ Kb5 47. Rf5+ 1/2-1/2


[Site "https://www.chess.com"]

[Event "Titled Tuesday Blitz January 03 Early 2023"]
[White "Zilleruelo Irizarry, Diego"]
[Black "Blindsplieler"]
[WhiteFideId "3101460"]
[WhiteElo "2135"]
[BlackElo "2071"]
[Result "1-0"]
[Round "03"]
[TimeControl "180+2"]
[Date "2023.01.03"]
[WhiteClock "0:01:24"]
[BlackClock "0:00:16"]

1. e4 e5 2. Nf3 Nc6 3. Bb5 a6 4. Ba4 Nf6 5. O-O Be7 6. Re1 b5 7. Bb3 O-O 8. a4 Bb7 9. axb5 axb5 10. Rxa8 Qxa8 11. Nc3 b4 12. Nd5 Nxd5 13. exd5 Na5 14. Rxe5 Bd6 15. Re3 Nxb3 16. Rxb3 Bxd5 17. Rd3 Re8 18. Re3 Rxe3 19. fxe3 Bxf3 20. Qxf3 Qxf3 21. gxf3 f5 22. d3 c5 23. b3 Be5 24. e4 fxe4 25. dxe4 Kf7 26. f4 Bd4+ 27. Kg2 g6 28. Kf3 h5 29. Bd2 d6 30. Ke2 Kf6 31. Kd3 Bg1 32. h3 Bf2 33. Ke2 Bg1 34. c3 bxc3 35. Bxc3+ Ke6 36. b4 cxb4 37. Bxb4 Bd4 38. Kf3 Bb2 39. Be1 Bc1 40. Bh4 Bd2 41. Bg5 Bc3 42. Kg3 Bd2 43. f5+ gxf5 44. exf5+ Kxf5 45. Bxd2 Kg6 46. Kh4 d5 47. Be3 1-0


[Site "https://www.chess.com"]

[Event "Titled Tuesday Blitz January 03 Early 2023"]
[White "Topalov, Aleksandar"]
[Black "Johnson, Ben"]
[WhiteFideId "925659"]
[BlackFideId "2010917"]
[WhiteElo "2233"]
[BlackElo "1961"]
[Result "1-0"]
[Round "03"]
[TimeControl "180+2"]
[Date "2023.01.03"]
[WhiteClock "0:00:19"]
[BlackClock "0:00:03"]

1. b3 e5 2. Bb2 Nc6 3. c4 Nf6 4. e3 Be7 5. Nf3 d6 6. d4 exd4 7. Nxd4 Nxd4 8. Qxd4 c6 9. Nc3 Qb6 10. Qd2 O-O 11. Be2 Bf5 12. O-O Rad8 13. Bf3 Rfe8 14. Rfd1 Bf8 15. Na4 Qc7 16. Bxf6 gxf6 17. Qd4 Qe7 18. Qxa7 Kh8 19. Rd2 Rd7 20. Qd4 Bg7 21. Rad1 Bg6 22. Qf4 Red8 23. Nb6 Rc7 24. Rxd6 Rxd6 25. Qxd6 Qxd6 26. Rxd6 Bf8 27. Rd8 Kg7 28. Rd7 Rxd7 29. Nxd7 Bd6 30. e4 h6 31. h4 f5 32. e5 Bc7 33. h5 Bh7 34. g3 Bg8 35. Be2 f6 36. exf6+ Kf7 37. Bd3 f4 38. g4 Ke8 39. Bf5 1-0


[Site "https://www.chess.com"]

[Event "Titled Tuesday Blitz January 03 Early 2023"]
[White "Pandey Srishti"]
[Black "Winkels, Marcel"]
[WhiteFideId "35093290"]
[BlackFideId "1003887"]
[WhiteElo "2188"]
[BlackElo "1960"]
[Result "1-0"]
[Round "03"]
[TimeControl "180+2"]
[Date "2023.01.03"]
[WhiteClock "0:01:39"]
[BlackClock "0:01:06"]

1. d4 Nf6 2. c4 g6 3. Nc3 d5 4. cxd5 Nxd5 5. e4 Nxc3 6. bxc3 Bg7 7. Nf3 c5 8. Be3 Qa5 9. Qd2 Nd7 10. Rc1 Nf6 11. Bd3 O-O 12. O-O Bg4 13. Ne5 Be6 14. d5 Nxe4 15. Bxe4 Bxe5 16. dxe6 f5 17. Bxb7 Rab8 18. Bh6 Rxb7 19. Bxf8 Kxf8 20. Rb1 Rxb1 21. Rxb1 Qxc3 22. Qd8+ Kg7 23. Qxe7+ Kh6 24. Qh4+ Kg7 25. Rb7+ Kf8 26. Qd8# 1-0


[Site "https://www.chess.com"]

[Event "Titled Tuesday Blitz January 03 Early 2023"]
[White "Guevara Sanchez, Erick Marvin"]
[Black "Dinu, Dumitru-Daniel"]
[WhiteFideId "6700136"]
[BlackFideId "1208403"]
[WhiteElo "2073"]
[BlackElo "2203"]
[Result "0-1"]
[Round "03"]
[TimeControl "180+2"]
[Date "2023.01.03"]
[WhiteClock "0:00:23"]
[BlackClock "0:00:55"]

1. e4 c5 2. Nf3 g6 3. d4 cxd4 4. Nxd4 Nc6 5. Be3 Nf6 6. Nc3 Bg7 7. Be2 O-O 8. O-O d5 9. exd5 Nxd5 10. Nxd5 Qxd5 11. Bf3 Qa5 12. Nxc6 bxc6 13. Bxc6 Rb8 14. Rb1 Bf5 15. Bd4 Rfd8 16. c3 Bxd4 17. cxd4 Bxb1 18. Qxb1 Rxd4 19. b3 Rbd8 20. Bf3 Rd2 21. a4 Qb4 22. Rc1 R2d3 23. h3 Rxb3 24. Qa1 Rb8 25. Qe5 Rb1 26. Rxb1 Qxb1+ 27. Kh2 Qb4 28. a5 Qd6 29. Qxd6 exd6 30. Kg3 Rb5 31. a6 Rb6 32. Bb7 Kg7 33. Kf4 Kf6 34. g4 Rb4+ 35. Ke3 Ke5 36. Kd3 Rb3+ 37. Kc4 Rxh3 38. Kb5 Rc3 39. Bc8 Rxc8 40. Ka5 Rb8 41. g5 Kd4 42. f4 Kc4 43. Ka4 Rb1 44. Ka3 Kc3 45. Ka2 Rf1 46. f5 gxf5 47. g6 fxg6 48. Ka3 Ra1# 0-1


[Site "https://www.chess.com"]

[Event "Titled Tuesday Blitz January 03 Early 2023"]
[White "Batsiashvili, Nino"]
[Black "Tuleyeva-Aketayeva, Dana"]
[WhiteFideId "13602993"]
[BlackFideId "13701932"]
[WhiteElo "2467"]
[BlackElo "2130"]
[Result "1-0"]
[Round "03"]
[TimeControl "180+2"]
[Date "2023.01.03"]
[WhiteClock "0:00:57"]
[BlackClock "0:00:02"]

1. d4 Nf6 2. Nf3 e6 3. c4 c5 4. Nc3 d5 5. cxd5 Nxd5 6. e4 Nxc3 7. bxc3 cxd4 8. cxd4 Bb4+ 9. Bd2 Bxd2+ 10. Qxd2 O-O 11. Bc4 Nc6 12. O-O b6 13. Rad1 Na5 14. Bd3 Bb7 15. Rfe1 h6 16. Qf4 Rc8 17. d5 exd5 18. exd5 Qf6 19. Qxf6 gxf6 20. d6 Bxf3 21. gxf3 Rcd8 22. Bf5 Nc4 23. d7 Ne5 24. Kg2 Kh8 25. f4 Rg8+ 26. Kh3 Ng6 27. Re4 Rgf8 28. Rd6 Kg7 29. Kg4 h5+ 30. Kxh5 Rh8+ 31. Kg4 Rh4+ 32. Kg3 Rhh8 33. Bxg6 Kxg6 34. Kg4 Kg7 35. h4 Rhg8 36. Rc4 Kf8+ 37. Kf5 Ke7 38. Rd3 Rxd7 39. Re4+ Kd8 40. Rxd7+ Kxd7 41. Kxf6 Rh8 42. f5 Rxh4 43. Rxh4 Ke8 44. Rh8+ Kd7 45. Kxf7 1-0


[Site "https://www.chess.com"]

[Event "Titled Tuesday Blitz January 03 Early 2023"]
[White "Federzoni, Enzo"]
[Black "Mitrovic, Darko R"]
[WhiteFideId "2173301"]
[BlackFideId "927023"]
[WhiteElo "2133"]
[BlackElo "2220"]
[Result "0-1"]
[Round "03"]
[TimeControl "180+2"]
[Date "2023.01.03"]
[WhiteClock "0:02:02"]
[BlackClock "0:01:05"]

1. d4 Nf6 2. Nc3 d5 3. Bg5 Bf5 4. f3 e6 5. g4 Bg6 6. h4 h5 7. Bxf6 gxf6 8. e3 c5 9. Bb5+ Nc6 10. Nge2 Qb6 11. Qd2 a6 12. Bxc6+ Qxc6 13. g5 fxg5 14. hxg5 Bd6 15. dxc5 Qxc5 16. O-O-O O-O-O 17. Kb1 Kb8 18. Nd4 Be5 19. f4 Bxd4 20. Qxd4 Qxd4 21. Rxd4 h4 22. e4 dxe4 23. Rxd8+ Rxd8 24. Rxh4 e3 25. Rh2 Rd2 26. Rxd2 exd2 27. Nd1 Bh5 28. Ne3 d1=Q+ 29. Nxd1 Bxd1 0-1


[Site "https://www.chess.com"]

[Event "Titled Tuesday Blitz January 03 Early 2023"]
[White "Gutierrez Anaya, Yeison Joel"]
[Black "Chernov, Mikhail"]
[WhiteFideId "3903273"]
[BlackFideId "24143170"]
[WhiteElo "2125"]
[BlackElo "2205"]
[Result "1-0"]
[Round "03"]
[TimeControl "180+2"]
[Date "2023.01.03"]
[WhiteClock "0:00:11"]
[BlackClock "0:00:48"]

1. d4 d5 2. Nf3 Nc6 3. b3 Bg4 4. Bb2 e6 5. Nbd2 Nf6 6. h3 Bh5 7. e3 Bb4 8. Be2 Ne4 9. a3 Bxf3 10. axb4 Bxg2 11. Rg1 Bxh3 12. Nxe4 dxe4 13. b5 Ne7 14. Rxg7 Ng6 15. d5 e5 16. Rxg6 hxg6 17. Bxe5 Rh7 18. Qd4 Qg5 19. Bxc7 Qg1+ 20. Kd2 Qxf2 21. Qxe4+ Kf8 22. d6 Re8 23. Qf3 Qh2 24. Rh1 Qe5 25. Rxh3 Rxh3 26. Qxh3 Kg7 27. d7 Qd5+ 28. Bd3 Rf8 29. d8=Q Rxd8 30. Bxd8 Qxd8 31. Qf3 Qc7 32. Ke2 f5 33. e4 Qh2+ 34. Kd1 f4 35. e5 Qg1+ 36. Kd2 g5 37. Qxb7+ Kf8 38. Qc8+ Ke7 39. Qf5 Qg2+ 40. Kc3 f3 41. Qf6+ Kd7 42. e6+ Kc7 43. e7 Qh1 44. Qe5+ Kb6 45. e8=Q f2 46. Qd8+ Kb7 47. Qec7# 1-0


[Site "https://www.chess.com"]

[Event "Titled Tuesday Blitz January 03 Early 2023"]
[White "Dwilewicz, Katarzyna"]
[Black "Necula, Iulian"]
[WhiteFideId "1148486"]
[BlackFideId "1232380"]
[WhiteElo "2115"]
[BlackElo "1851"]
[Result "1-0"]
[Round "03"]
[TimeControl "180+2"]
[Date "2023.01.03"]
[WhiteClock "0:01:26"]
[BlackClock "0:00:07"]

1. e4 c5 2. Nf3 d6 3. d4 cxd4 4. Nxd4 Nf6 5. Nc3 g6 6. Bc4 Bg7 7. O-O O-O 8. Re1 Nc6 9. Bb3 Nxd4 10. Qxd4 Qa5 11. Qd3 Bd7 12. Bd2 Qh5 13. h3 b5 14. Nd5 Nxd5 15. Bxd5 Rac8 16. c3 e6 17. Bb3 a6 18. Qxd6 Bc6 19. Qg3 Qc5 20. Be3 Qe7 21. Bd4 e5 22. Be3 h6 23. Bd5 Bxd5 24. exd5 f5 25. Qxg6 f4 26. Bd4 Rf6 27. Qg4 Rff8 28. Rxe5 Qf7 29. Rae1 Kh7 30. Re7 1-0


[Site "https://www.chess.com"]